Map: Jagannatha LE

Players

SortOf

  • Race: Zerg Zerg
  • League: Master

ArT - Winner!

  • Race: Protoss Protoss

Event: DreamHack SC2 Masters 2021 Summer

VOD

Have the link to the VOD?

Description

Time

  • Played on: May 26, 2021, 11:42 a.m.
  • Length: 10:05

All games in this series

Show
View Real Time Build Order
Export as new Build Order

SortOf Zerg 

Build Orders: Hatch First 

Get SALT Encoding   

  12  0:00  Drone  
  13  0:12  Overlord  
  13  0:16  Drone  
  14  0:31  Drone x2  
  16  0:48  Hatchery  
  15  0:51  Drone  
  15  0:55  Drone  
  17  0:58  Drone  
  18  1:10  Extractor  
  17  1:14  Spawning Pool  
  17  1:17  Drone  
  17  1:21  Drone  
  18  1:29  Drone  
  19  1:39  Drone  
  20  1:49  Overlord  
  20  2:01  Queen x2  
  22  2:02  Zergling x4  
  26  2:12  Drone x2  
  26  2:13  Metabolic Boost  
  28  2:23  Drone x2  
  30  2:39  Hatchery  
  30  2:43  Drone  
  30  2:45  Drone  
  30  2:47  Queen  
  33  2:53  Overlord  
  33  2:56  Drone  
  33  2:57  Drone  
  35  3:06  Drone  
  35  3:11  Drone  
  35  3:12  Drone  
  37  3:15  Overlord  
  37  3:17  Drone x3  
  37  3:18  Drone  
  41  3:23  Queen  
  43  3:32  Spore Crawler  
  43  3:33  Queen  
  44  3:37  Drone  
  45  3:42  Drone  
  45  3:44  Drone  
  45  3:48  Zergling x4  
  49  3:50  Drone  
  49  3:51  Drone x2  
  49  3:52  Drone  
  49  3:55  Spore Crawler  
  52  3:56  Drone x3  
  52  4:01  Queen  
  57  4:03  Drone  
  57  4:08  Overlord  
  58  4:11  Overlord  
  58  4:14  Overlord  
  58  4:16  Overlord  
  58  4:17  Overlord  
  58  4:24  Spore Crawler  
  58  4:26  Roach Warren  
  58  4:28  Drone  
  58  4:29  Drone x2  
  59  4:31  Drone  
  59  4:35  Drone x3  
  63  4:43  Drone  
  63  4:44  Lair  
  63  4:47  Drone x5  
  68  4:53  Extractor  
  68  4:55  Extractor, Queen  
  68  4:56  Drone  
  68  4:57  Drone, Extractor  
  68  4:59  Drone  
  70  5:02  Drone x3  
  70  5:06  Overlord  
  73  5:09  Roach x3  
  73  5:12  Overlord  
  79  5:14  Queen  
  79  5:17  Overlord  
  79  5:18  Drone  
  82  5:25  Evolution Chamber  
  82  5:26  Overlord  
  81  5:31  Queen  
  81  5:32  Drone x2  
  85  5:36  Overlord  
  85  5:42  Hatchery  
  84  5:46  Drone x5, Infestation Pit  
  84  5:49  Extractor  
  87  5:50  Drone, Extractor  
  87  5:54  Drone x3  
  87  5:55  Drone x2  
  87  5:57  Drone  
  93  6:03  Drone x5  
  98  6:10  Spire  
  97  6:11  Queen  
  99  6:21  Drone x8  
  99  6:24  Drone  
  108  6:26  Zerg Ground Armor Level 1  
  108  6:30  Drone x3  
  111  6:35  Spore Crawler  
  111  6:36  Drone x2, Queen  
  111  6:39  Queen  
  116  6:43  Overlord  
  116  6:54  Hive  
  116  6:55  Infestor x2  
  120  7:06  Queen  
  119  7:12  Queen  
  119  7:13  Drone x2  
  119  7:14  Queen  
  122  7:15  Extractor  
  122  7:16  Extractor  
  122  7:19  Spore Crawler  
  122  7:22  Evolution Chamber  
  118  7:24  Zerg Flyer Armor Level 1, Corruptor x4  
  118  7:25  Baneling Nest  
  117  7:41  Spore Crawler x2  
  117  7:42  Queen, Corruptor  
  119  7:48  Queen  
  119  7:50  Queen  
  121  7:55  Corruptor x2  
  121  7:56  Corruptor x2  
  127  7:59  Corruptor  
  127  8:00  Corruptor  
  127  8:04  Drone x4  
  135  8:21  Overlord x3  
  135  8:33  Overlord  
  135  8:38  Queen x3  
  135  8:39  Queen  
  143  8:44  Roach x3  
  149  8:50  Roach x2  
  149  8:51  Hatchery  
  152  9:00  Ultralisk Cavern  
  151  9:05  Roach x8  
  151  9:07  Baneling x2  
  151  9:08  Baneling  
  167  9:12  Overlord  
  167  9:18  Overlord x2  
  167  9:21  Overlord  
  167  9:25  Queen  
  154  9:34  Roach x12  
  154  9:36  Roach x3  
  160  9:39  Roach x2  
  160  9:41  Roach  
  160  9:45  Roach x3  
  148  9:46  Roach  
Show
View Real Time Build Order
Export as new Build Order

ArT Protoss - Winner!

Build Orders: 1 Gate Expand, Oracle Opening, Carrier Rush 

Get SALT Encoding   

  12  0:00  Probe  
  13  0:12  Probe  
  14  0:19  Pylon  
  14  0:25  Probe (Chrono Boost)  
  15  0:37  Probe (Chrono Boost)  
  15  0:39  Gateway  
  16  0:46  Probe (Chrono Boost)  
  16  0:49  Assimilator  
  17  0:51  Probe  
  18  1:04  Probe  
  19  1:16  Probe  
  20  1:28  Nexus  
  20  1:37  Cybernetics Core  
  20  1:41  Probe  
  21  1:47  Assimilator  
  21  1:53  Probe  
  22  1:57  Pylon  
  22  2:05  Probe  
  23  2:12  Stalker (Chrono Boost)  
  23  2:15  Warp Gate  
  25  2:17  Probe  
  26  2:29  Probe (Chrono Boost)  
  27  2:34  Stargate  
  27  2:37  Adept  
  27  2:41  Probe (Chrono Boost)  
  31  2:49  Probe (Chrono Boost)  
  31  2:50  Probe (Chrono Boost)  
  32  2:55  Probe x2  
  34  3:03  Gateway  
  34  3:07  Probe x2  
  36  3:16  Oracle (Chrono Boost)  
  40  3:20  Probe x2 (Chrono Boost)  
  41  3:28  Pylon  
  41  3:33  Assimilator  
  43  3:34  Probe (Chrono Boost)  
  43  3:35  Assimilator  
  43  3:37  Probe (Chrono Boost)  
  43  3:41  Probe (Chrono Boost)  
  44  3:45  Probe (Chrono Boost)  
  45  3:49  Fleet Beacon  
  45  3:51  Probe (Chrono Boost)  
  46  4:01  Probe (Chrono Boost)  
  46  4:02  Probe (Chrono Boost)  
  48  4:04  Stargate  
  48  4:08  Probe  
  49  4:11  Probe, Pylon  
  50  4:18  Adept  
  50  4:20  Probe  
  50  4:22  Pylon  
  50  4:23  Probe  
  60  4:45  Carrier (Chrono Boost)  
  60  4:47  Carrier (Chrono Boost)  
  66  4:52  Pylon  
  66  4:59  Nexus  
  66  5:04  Pylon  
  66  5:08  Probe x2  
  68  5:17  Pylon  
  68  5:21  Probe x2  
  70  5:34  Carrier (Chrono Boost)  
  70  5:41  Probe x2  
  84  5:43  Carrier (Chrono Boost)  
  84  5:45  Forge  
  84  5:54  Probe (Chrono Boost)  
  85  5:57  Probe (Chrono Boost)  
  85  6:02  Twilight Council  
  85  6:03  Shield Battery  
  88  6:11  Probe (Chrono Boost), Protoss Ground Weapons Level 1 (Chrono Boost)  
  88  6:12  Probe (Chrono Boost)  
  88  6:16  Probe x2 (Chrono Boost)  
  91  6:18  Probe (Chrono Boost)  
  91  6:25  Probe, Assimilator  
  92  6:26  Probe  
  92  6:28  Assimilator  
  92  6:30  Probe  
  94  6:35  Gateway  
  94  6:37  Probe  
  94  6:38  Probe, Charge (Chrono Boost)  
  96  6:42  Probe  
  96  6:43  Robotics Facility  
  97  6:47  Pylon  
  97  6:49  Probe  
  97  6:50  Probe  
  99  6:54  Probe  
  100  7:03  Pylon  
  100  7:05  Gateway  
  100  7:07  Probe  
  101  7:11  Probe  
  101  7:13  Gateway  
  101  7:14  Gateway  
  102  7:15  Gateway  
  102  7:17  Gateway  
  102  7:20  Gateway, Sentry x2  
  106  7:31  Gateway  
  106  7:33  Gateway, Warp Prism (Chrono Boost)  
  106  7:34  Gateway  
  108  7:41  Templar Archives  
  108  7:47  Pylon  
  108  7:51  Zealot x3  
  108  7:56  Gateway  
  114  8:04  Protoss Ground Armor Level 1 (Chrono Boost)  
  114  8:15  Observer (Chrono Boost)  
  115  8:23  Photon Cannon, Nexus  
  115  8:24  High Templar x8  
  115  8:25  Pylon  
  131  8:27  Pylon  
  131  8:29  Archon x3  
  131  8:30  Pylon  
  131  8:31  Pylon  
  131  8:48  Photon Cannon  
  131  8:50  Gateway, High Templar x2, Shield Battery, Zealot x2  
  131  8:52  Pylon  
  131  8:54  Archon x2  
  139  8:58  Warp Prism (Chrono Boost)  
  141  9:09  High Templar x2  
  145  9:11  Zealot x6  
  145  9:13  Zealot  
  145  9:14  Archon  
  155  9:34  Zealot x2  
  141  9:38  Zealot x2  
  141  9:39  Zealot x8  
  151  9:47  Zealot x4  
  155  10:03  High Templar x4  
Tags
 
Add a new tag
Caveats
  • Supply blocks, unpowered buildings, or Contaminate may cause inaccurate times.
  • Supply counts are checked every 10 seconds.